2738 views
Uploaded 2019-12-01 20:57:06
Game version 1.32.0.3 / 1.32.0.3.1
9:59 long 3on3 ladder game on (6)GnollWood
Saved by BEARAND
2738 views
Uploaded 2019-12-01 20:57:06
Game version 1.32.0.3 / 1.32.0.3.1
9:59 long 3on3 ladder game on (6)GnollWood


/ 0.3k
21 buildings @ 3.3k
/ 1.5k


| Acolyte | 4 | 300 | / | 0 |
| Ghoul | 6 | 720 | / | 0 |
| Crypt Fiend | 2 | 430 | / | 80 |
| total: | 12 | 1450g | / | 80w |
| Spirit Tower | 3 | 435 | / | 120 |
| Crypt | 1 | 200 | / | 50 |
| Ziggurat | 3 | 450 | / | 150 |
| Altar of Darkness | 1 | 180 | / | 50 |
| Graveyard | 1 | 215 | / | 0 |
| Sacrificial Pit | 1 | 75 | / | 150 |
| Halls of the Dead | 1 | 320 | / | 210 |
| total: | 7 | 1120g | / | 400w |
| 0:08 | Acolyte |
| 0:18 | Acolyte |
| 0:30 | Crypt |
| 0:33 | Acolyte |
| 0:42 | Ziggurat |
| 0:51 | Altar of Darkness |
| 0:57 | Acolyte |
| 1:49 | Ziggurat |
| 1:53 | Ghoul |
| 2:18 | Ghoul |
| 2:29 | Ghoul |
| 2:52 | Ghoul |
| 3:03 | Halls of the Dead |
| 3:15 | Carrion Swarm |
| 4:06 | Ghoul |
| 4:20 | Graveyard |
| 4:38 | Ghoul |
| 5:04 | Ziggurat |
| 5:12 | Cannibalize |
| 6:11 | Unholy Armor |
| 6:23 | Crypt Fiend |
| 6:24 | Crypt Fiend |
| 6:25 | Spirit Tower |
| 6:27 | Spirit Tower |
| 6:30 | Spirit Tower |
| 7:08 | Sacrificial Pit |
| 7:32 | Unholy Strength |
| 8:54 | Unholy Aura |
| Right click | 316 |
| Select | 127 |
| Build/train/purchase | 23 |
| Assign group | 7 |
| Use ability | 6 |
| Select group | 6 |
| Esc | 1 |


| Wisp | 11 | 660 | / | 0 |
| Archer | 10 | 1300 | / | 100 |
| Faerie Dragon | 4 | 620 | / | 100 |
| total: | 25 | 2580g | / | 200w |
| Altar of Elders | 1 | 180 | / | 50 |
| Moon Well | 3 | 540 | / | 120 |
| Ancient of War | 2 | 300 | / | 120 |
| Hunter's Hall | 1 | 210 | / | 100 |
| Ancient of Wonders | 1 | 90 | / | 30 |
| Ancient of Wind | 4 | 600 | / | 560 |
| Tree of Ages | 1 | 320 | / | 180 |
| total: | 12 | 1920g | / | 980w |
| 0:08 | Altar of Elders |
| 0:12 | Wisp |
| 0:21 | Moon Well |
| 0:23 | Wisp |
| 0:33 | Ancient of War |
| 0:35 | Wisp |
| 0:43 | Wisp |
| 0:52 | Wisp |
| 1:22 | Wisp |
| 1:27 | Wisp |
| 1:43 | Moon Well |
| 1:44 | Wisp |
| 1:50 | Archer |
| 1:59 | Wisp |
| 2:13 | Moon Well |
| 2:24 | Force of Nature |
| 2:49 | Archer |
| 2:50 | Wisp |
| 3:00 | Wisp |
| 3:01 | Archer |
| 3:39 | Archer |
| 4:06 | Archer |
| 4:16 | Tree of Ages |
| 4:49 | Archer |
| 5:03 | Ancient of War |
| 5:15 | Archer |
| 5:25 | Hunter's Hall |
| 6:01 | Archer |
| 6:24 | Archer |
| 6:47 | Ancient of Wind |
| 6:47 | Ancient of Wind |
| 6:49 | Ancient of Wind |
| 6:52 | Ancient of Wind |
| 7:33 | Archer |
| 7:41 | Trueshot Aura |
| 8:07 | Ancient of Wonders |
| 9:28 | Faerie Dragon |
| 9:28 | Faerie Dragon |
| 9:29 | Faerie Dragon |
| 9:29 | Faerie Dragon |
| Right click | 734 |
| Select group | 266 |
| Select | 113 |
| Misc. action | 79 |
| Build/train/purchase | 30 |
| Use ability | 10 |
| Assign group | 6 |
| Esc | 5 |
| Peasant | 10 | 750 | / | 0 |
| Footman | 6 | 810 | / | 0 |
| total: | 16 | 1560g | / | 0w |
| Barracks | 1 | 160 | / | 60 |
| Farm | 1 | 80 | / | 20 |
| Keep | 1 | 320 | / | 210 |
| total: | 2 | 240g | / | 80w |
| 0:10 | Peasant |
| 0:35 | Peasant |
| 0:52 | Keep |
| 1:34 | Barracks |
| 1:56 | Farm |
| 3:19 | Footman |
| 3:38 | Footman |
| 3:57 | Footman |
| 4:09 | Footman |
| 4:28 | Peasant |
| 4:47 | Footman |
| 5:16 | Peasant |
| 5:27 | Peasant |
| 6:04 | Peasant |
| 6:28 | Footman |
| 6:50 | Peasant |
| 7:29 | Peasant |
| 7:38 | Peasant |
| 8:19 | Peasant |
| Right click | 149 |
| Select | 116 |
| Build/train/purchase | 17 |
| Esc | 6 |
| Assign group | 5 |
41 units @ 2.8k
/ 0k
72 buildings @ 5.8k
/ 2.5k


| Healing Salve | 3 | 300 |
| Lesser Clarity Potion | 2 | 140 |
| Boots of Speed | 2 | 500 |
| Staff of Teleportation | 2 | 300 |
| total: | 9 | 1240g |
| Peon | 11 | 825 | / | 0 |
| total: | 11 | 825g | / | 0w |
| Watch Tower | 12 | 1320 | / | 960 |
| Altar of Storms | 1 | 180 | / | 50 |
| Orc Burrow | 2 | 320 | / | 80 |
| War Mill | 1 | 205 | / | 0 |
| Voodoo Lounge | 1 | 130 | / | 30 |
| Stronghold | 1 | 315 | / | 190 |
| Fortress | 2 | 650 | / | 380 |
| total: | 17 | 2155g | / | 1120w |
| 0:02 | Peon |
| 0:02 | Peon |
| 0:10 | Altar of Storms |
| 0:18 | Orc Burrow |
| 0:25 | War Mill |
| 0:26 | Peon |
| 0:44 | Peon |
| 0:54 | Voodoo Lounge |
| 1:01 | Peon |
| 1:22 | Peon |
| 1:25 | Peon |
| 1:44 | Watch Tower |
| 1:54 | Peon |
| 1:54 | Peon |
| 2:00 | Watch Tower |
| 2:04 | Peon |
| 2:09 | Wind Walk |
| 2:17 | Healing Salve |
| 2:19 | Lesser Clarity Potion |
| 2:23 | Peon |
| 2:45 | Watch Tower |
| 2:47 | Watch Tower |
| 3:19 | Stronghold |
| 3:52 | Watch Tower |
| 4:55 | Watch Tower |
| 4:57 | Orc Burrow |
| 4:59 | Watch Tower |
| 5:07 | Boots of Speed |
| 5:07 | Staff of Teleportation |
| 6:21 | Critical Strike |
| 7:46 | Healing Salve |
| 7:46 | Healing Salve |
| 7:46 | Lesser Clarity Potion |
| 7:49 | Shockwave |
| 8:01 | Boots of Speed |
| 8:01 | Staff of Teleportation |
| 8:51 | Wind Walk |
| 9:37 | Watch Tower |
| 9:37 | Watch Tower |
| 9:37 | Watch Tower |
| 9:38 | Watch Tower |
| 9:38 | Watch Tower |
| 9:39 | Fortress |
| Right click | 1065 |
| Select | 117 |
| Build/train/purchase | 41 |
| Select group | 40 |
| Chat | 35 |
| Use ability | 15 |
| Minimap ping | 13 |
| Assign group | 5 |
| Item give/drop | 2 |
| Misc. action | 1 |
| Remove unit | 1 |

| Boots of Speed | 1 | 250 |
| Staff of Teleportation | 1 | 150 |
| total: | 2 | 400g |
| Peasant | 14 | 1050 | / | 0 |
| total: | 14 | 1050g | / | 0w |
| Scout Tower | 35 | 1050 | / | 700 |
| Arcane Tower | 4 | 280 | / | 200 |
| Guard Tower | 15 | 1050 | / | 750 |
| Altar of Kings | 1 | 180 | / | 50 |
| Lumber Mill | 3 | 360 | / | 0 |
| Farm | 7 | 560 | / | 140 |
| Arcane Vault | 1 | 130 | / | 30 |
| Arcane Sanctum | 1 | 150 | / | 140 |
| Keep | 1 | 320 | / | 210 |
| Castle | 1 | 360 | / | 210 |
| total: | 48 | 2430g | / | 1060w |
| 0:02 | Peasant |
| 0:05 | Altar of Kings |
| 0:09 | Peasant |
| 0:20 | Peasant |
| 0:34 | Lumber Mill |
| 0:35 | Peasant |
| 0:41 | Farm |
| 0:41 | Peasant |
| 1:03 | Scout Tower |
| 1:05 | Peasant |
| 1:07 | Farm |
| 1:15 | Scout Tower |
| 1:20 | Scout Tower |
| 1:22 | Peasant |
| 1:38 | Arcane Tower |
| 1:47 | Scout Tower |
| 1:49 | Scout Tower |
| 1:50 | Scout Tower |
| 1:51 | Peasant |
| 1:51 | Peasant |
| 1:57 | Improved Masonry |
| 2:10 | Scout Tower |
| 2:14 | Peasant |
| 2:16 | Arcane Tower |
| 2:21 | Blizzard |
| 2:32 | Guard Tower |
| 2:36 | Scout Tower |
| 2:37 | Scout Tower |
| 2:38 | Scout Tower |
| 2:39 | Peasant |
| 2:40 | Peasant |
| 2:40 | Peasant |
| 2:42 | Guard Tower |
| 2:43 | Scout Tower |
| 2:44 | Scout Tower |
| 3:14 | Peasant |
| 3:39 | Scout Tower |
| 3:39 | Guard Tower |
| 3:41 | Keep |
| 4:10 | Guard Tower |
| 4:11 | Scout Tower |
| 4:11 | Scout Tower |
| 4:17 | Guard Tower |
| 4:19 | Scout Tower |
| 4:20 | Scout Tower |
| 4:49 | Scout Tower |
| 4:50 | Guard Tower |
| 4:51 | Guard Tower |
| 4:55 | Boots of Speed |
| 4:57 | Staff of Teleportation |
| 5:04 | Guard Tower |
| 5:14 | Guard Tower |
| 5:18 | Scout Tower |
| 5:19 | Scout Tower |
| 5:24 | Scout Tower |
| 5:25 | Scout Tower |
| 5:26 | Guard Tower |
| 6:20 | Guard Tower |
| 6:20 | Scout Tower |
| 6:21 | Scout Tower |
| 6:22 | Scout Tower |
| 6:23 | Scout Tower |
| 6:24 | Scout Tower |
| 6:26 | Guard Tower |
| 6:27 | Castle |
| 6:31 | Arcane Sanctum |
| 6:33 | Advanced Masonry |
| 6:33 | Improved Lumber Harvesting |
| 7:14 | Farm |
| 7:32 | Brilliance Aura |
| 7:39 | Scout Tower |
| 7:40 | Scout Tower |
| 7:42 | Scout Tower |
| 7:45 | Arcane Vault |
| 7:48 | Scout Tower |
| 7:49 | Scout Tower |
| 7:49 | Scout Tower |
| 8:09 | Magic Sentry |
| 8:11 | Arcane Tower |
| 8:15 | Scout Tower |
| 8:16 | Scout Tower |
| 8:19 | Guard Tower |
| 8:33 | Guard Tower |
| 9:03 | Lumber Mill |
| 9:05 | Lumber Mill |
| 9:07 | Farm |
| 9:10 | Farm |
| 9:12 | Farm |
| 9:14 | Farm |
| 9:44 | Guard Tower |
| Right click | 475 |
| Assign group | 283 |
| Select | 151 |
| Select group | 145 |
| Build/train/purchase | 53 |
| Chat | 24 |
| Use ability | 14 |
| Misc. action | 4 |
| Minimap ping | 2 |
| Item give/drop | 1 |


| Staff of Preservation | 1 | 150 |
| Orb of Venom | 1 | 325 |
| Lesser Clarity Potion | 1 | 70 |
| total: | 3 | 545g |
| Wisp | 16 | 960 | / | 0 |
| total: | 16 | 960g | / | 0w |
| Altar of Elders | 1 | 180 | / | 50 |
| Moon Well | 5 | 900 | / | 200 |
| Ancient of Wonders | 1 | 90 | / | 30 |
| Tree of Ages | 2 | 640 | / | 360 |
| Tree of Eternity | 1 | 330 | / | 200 |
| total: | 7 | 1170g | / | 280w |
| 0:03 | Wisp |
| 0:03 | Wisp |
| 0:13 | Altar of Elders |
| 0:16 | Moon Well |
| 0:26 | Wisp |
| 0:38 | Wisp |
| 0:53 | Wisp |
| 0:54 | Wisp |
| 1:12 | Wisp |
| 1:22 | Wisp |
| 1:44 | Wisp |
| 1:44 | Wisp |
| 1:54 | Moon Well |
| 2:06 | Wisp |
| 2:06 | Wisp |
| 2:26 | Entangling Roots |
| 3:11 | Tree of Ages |
| 4:04 | Moon Well |
| 5:49 | Wisp |
| 5:49 | Wisp |
| 5:49 | Wisp |
| 5:49 | Wisp |
| 6:06 | Rain of Fire |
| 6:10 | Tree of Eternity |
| 6:32 | Thorns Aura |
| 7:52 | Ancient of Wonders |
| 7:56 | Moon Well |
| 7:57 | Moon Well |
| 9:53 | Staff of Preservation |
| 9:53 | Orb of Venom |
| 9:54 | Lesser Clarity Potion |
| Right click | 555 |
| Select | 150 |
| Select group | 142 |
| Chat | 89 |
| Assign group | 61 |
| Resource trade | 50 |
| Build/train/purchase | 36 |
| Use ability | 16 |
| Minimap ping | 9 |
| Esc | 4 |
| Misc. action | 1 |
| Remove unit | 1 |